AoeStats
← xxCamper_2

Arena

509937036Analyzed
4v4 RM · 2d ago on Sep 28, 2026· 54m 37s· 8 players
Game mode
Random Map
Map size
Large (8 player)
Population
200
Speed
Normal
Resources
Standard
Victory
Conquest
Starting age
Dark Age
Ending age
Imperial Age
RankedLock teamsTeams togetherTeam positionsShared explorationLock speedFull tech treeHidden civsTurbo modeCheats
Victory
Defeat
🇸🇰 Romans · Slovakia
1307
+13
🇳🇱 Bohemians · Netherlands
1213
+17
🇺🇸 Wu · United States
1187
+18
🇬🇧 Danes · United Kingdom
1143
+20
🇺🇾 Chinese · Uruguay
1372
-22
🇳🇱 Wei · Netherlands
1241
-17
🇧🇷 Byzantines · Brazil
1211
-16
🇺🇾 Tupi · Uruguay
1145
-13
Knaapje
10:03 Feudal Age
10:57 Double-Bit Axe
10:53 Horse Collar
11:32 Gold Mining
11:33 Stone Mining
17:23 Castle Age
18:15 Bow Saw
18:43 Gold Shaft Mining
21:04 Stone Shaft Mining
36:36 Imperial Age
34:51 Bloodlines
34:41 Husbandry
36:21 Ballistics
36:15 Thumb Ring
37:53 Parthian Tactics
40:14 Wheelbarrow
40:43 Fletching
40:54 Padded Archer Armor
41:26 Bodkin Arrow
Dale Lui
12:27 Feudal Age
16:13 Castle Age
14:25 Double-Bit Axe
14:23 Horse Collar
15:45 Wheelbarrow
16:02 Champi Runner
17:00 Squires
17:06 Champi Warrior
18:48 Bow Saw
21:11 Scale Mail Armor
21:46 Forging
24:13 Hand Cart
25:27 Heavy Plow
30:08 Imperial Age
28:14 Gold Mining
29:28 Iron Casting
29:09 Chain Mail Armor
30:23 Elite Champi Warrior
31:22 Chain Mail Armor
32:56 Plate Mail Armor
34:15 Two-Man Saw
35:15 Heavy Scorpion
37:29 Chemistry
36:50 Ballistics
36:23 Fletching
36:34 Padded Archer Armor
36:27 Arson
39:05 Elite Ibirapema Warrior
EBERE
0:28 Loom
10:57 Feudal Age
14:53 Castle Age
13:21 Double-Bit Axe
13:41 Horse Collar
17:16 Fletching
21:04 Bodkin Arrow
28:48 Bow Saw
32:02 Imperial Age
31:53 Wheelbarrow
31:26 Gold Mining
31:37 Heavy Plow
32:05 Capped Ram
35:12 Forging
35:03 Scale Mail Armor
34:25 Elite Fire Lancer
37:17 Iron Casting
36:57 Chain Mail Armor
38:31 Bracer
38:32 Padded Archer Armor
38:03 Crossbowman
39:07 Thumb Ring
HAHA
12:07 Feudal Age
12:42 Loom
16:09 Castle Age
14:24 Double-Bit Axe
15:24 Horse Collar
19:00 Wheelbarrow
18:38 Bow Saw
20:40 Caravan
23:00 Gold Mining
25:26 Scale Barding Armor
25:58 Forging
27:52 Iron Casting
27:56 Hand Cart
31:31 Imperial Age
30:10 Chain Barding Armor
29:59 Husbandry
30:08 Fletching
30:13 Stone Mining
31:22 Bodkin Arrow
31:48 Cavalier
33:28 Paladin
36:22 Conscription
37:50 Plate Barding Armor
37:58 Gold Shaft Mining
37:59 Stone Shaft Mining
39:55 Elite Cataphract
40:43 Heavy Plow
43:25 Logistica
BillieDownn
10:56 Feudal Age
14:51 Castle Age
13:11 Double-Bit Axe
13:39 Horse Collar
16:23 Arson
16:45 Scale Mail Armor
16:57 Forging
23:43 Chain Mail Armor
23:20 Gambesons
30:04 Iron Casting
34:30 Imperial Age
31:46 Loom
32:37 Wheelbarrow
32:35 Hamask
34:57 Elite Jomsviking
36:36 Plate Mail Armor
38:57 Blast Furnace
40:12 Fletching
40:23 Padded Archer Armor
41:42 Bow Saw
41:34 Heavy Plow
40:59 Onager
41:02 Northmen's Fury
43:23 Siege Onager
46:39 Chemistry
esgedda
10:24 Feudal Age
11:01 Feudal Age
11:09 Feudal Age
12:24 Loom
12:48 Double-Bit Axe
15:26 Castle Age
16:34 Fletching
18:28 Bodkin Arrow
18:49 Horse Collar
31:54 Bow Saw
33:04 Heavy Plow
33:42 Wheelbarrow
36:36 Imperial Age
34:57 Scale Barding Armor
35:03 Forging
36:09 Chain Barding Armor
36:46 Husbandry
37:24 Iron Casting
36:42 Cavalier
40:59 Two-Man Saw
41:34 Chemistry
40:41 Siege Engineers
41:56 Blast Furnace
42:34 Guilds
46:50 Houfnice
xxCamper_2
8:51 Loom
10:39 Feudal Age
14:54 Castle Age
12:59 Double-Bit Axe
13:36 Horse Collar
17:36 Bow Saw
17:31 Loom
24:08 Wheelbarrow
23:36 Heavy Plow
23:35 Stone Mining
23:36 Gold Mining
25:41 Hand Cart
30:50 Imperial Age
29:22 Scale Mail Armor
29:46 Man-at-Arms
30:27 Squires
30:45 Chain Mail Armor
30:40 Forging
31:03 Ballistics
30:41 Town Watch
30:49 Long Swordsman
30:57 Heavy Scorpion
33:04 Chemistry
32:43 Legionary
33:20 Pikeman
34:50 Iron Casting
36:16 Comitatenses
36:15 Ballistas
37:13 Town Patrol
37:06 Fletching
38:17 Blast Furnace
38:06 Bodkin Arrow
38:58 Conscription
42:12 Elite Centurion
43:00 Scale Barding Armor
42:52 Halberdier
45:09 Chain Barding Armor
47:56 Bloodlines
47:46 Husbandry
47:31 Capped Ram
MikeMike1802
10:19 Feudal Age
14:34 Castle Age
13:20 Double-Bit Axe
13:29 Horse Collar
27:43 Loom
31:19 Imperial Age
29:21 Fletching
29:43 Pikeman
30:24 Scale Mail Armor
30:53 Bodkin Arrow
31:53 Chain Mail Armor
31:33 Gold Mining
31:59 Bow Saw
31:54 Heavy Plow
32:32 Wheelbarrow
31:43 Town Watch
32:33 Squires
35:10 Bracer
36:19 Halberdier
45:43 Forging
47:05 Padded Archer Armor
47:33 Ballistics
50:38 Leather Archer Armor
51:04 Hand Cart
55:09 Chemistry
54:58 Conscription
Connection lost

Rejoining the realm…

Still unreachable

The connection could not be restored.

Session expired

The server has moved on; the page needs a fresh start.